 Dungeon Crawl Stone Soup version 0.31-a0-162-gc4c5a43528 (webtiles) character file.

Game seed: 9478299203284565175

232 qw the Shooter (level 6, -1/57 HPs)
             Began as a Naga Hunter on June 12, 2023.
             Slain by a gnoll
             ... wielding a +0 whip
              (6 damage)
             ... on level 4 of the Dungeon.
             The game lasted 00:01:08 (2608 turns).

qw the Shooter (Naga Hunter)                        Turns: 2608, Time: 00:01:09

Health: -1/57      AC:  3    Str: 13    XL:     6   Next: 4%
Magic:  6/6        EV:  9    Int: 10    God:
Gold:   73         SH:  0    Dex: 16    Spells: 5/5 levels left

rFire   . . .        Y - +0 shortbow
rCold   . . .        (shield currently unavailable)
rNeg    . . .        c - +0 leather armour
rPois   +            (no helmet)
rElec   .            (no cloak)
rCorr   .            (no gloves)
SInv    +            (no barding)
Will    .....        (no amulet)
Stlth   ++           (no ring)
HPRegen 0.29/turn    (no ring)
MPRegen 0.10/turn

%: no passive effects
@: about to teleport, very slow
A: AC +2, large, see invisible, deformed body, poison resistance, slowness 2,
spit poison 1, naga tail 1
a: Spit Poison


You were on level 4 of the Dungeon.
You visited 2 branches of the dungeon, and saw 5 of its levels.

You collected 73 gold pieces.


Innate Abilities, Weirdness & Mutations

Your serpentine skin is tough. (AC +2)
You have supernaturally acute eyesight. (SInv)
Armour fits poorly on your strangely shaped body.
Your system is resistant to poisons. (rPois)
You cover ground very slowly.
You can spit poison.
You have a snake-like lower body.


   Skills:
 - Level 3.7 Fighting
 + Level 5.7 Ranged Weapons
 - Level 1.5 Dodging
 - Level 1.5 Stealth


You had 5 spell levels left.
You didn't know any spells.
Your spell library was empty.

Inventory:

Hand Weapons
 Y - a +0 shortbow (weapon)
Armour
 c - a +0 leather armour (worn)
Scrolls
 e - a scroll of identify
Potions
 a - 4 potions of curing
 b - a potion of ambrosia {unknown}
 d - 2 potions of might {unknown}
 g - a potion of cancellation {unknown}
 h - a potion of brilliance {unknown}
 i - a potion of degeneration {unknown}
 j - a potion of invisibility {unknown}

Dungeon Overview and Level Annotations

Branches:
Dungeon (4/15)             Temple (1/1) D:4

Altars:
Cheibriados
Dithmenos
Elyvilon
Fedhas
Gozag
Hepliaklqana
Kikubaaqudgha
Makhleb
Nemelex Xobeh
Qazlal
Sif Muna
Trog
Uskayaw
Vehumet
Wu Jian
Xom
Yredelemnul
Zin
The Shining One

Shops:
D:1 ((?

Annotations:
D:4 1 transporter, qw's ghost, amateur MiHu


Message History

Enter note:
Enter note:
Enter note:
Enter note:
Enter note:
Enter note:
Enter note:
2602 ||| INVOKING Spit Poison.
Aiming: Spit Poison (1% risk of failure)
Press: ? - help, Shift-Dir - straight line, f - gnoll The splash of poison hits the gnoll.
The gnoll is heavily wounded.
The gnoll shouts!
You hear a shout!
You shoot an arrow. The arrow hits the gnoll.
The gnoll is almost dead.
The gnoll hits you from afar with a +0 halberd!
You shoot an arrow. The arrow hits the gnoll.
You kill the gnoll!
A goblin comes into view. It is wielding a +0 dagger.
The gnoll hits you with a +0 whip.
The gnoll hits you from afar with a +0 halberd!
You have reached level 6!
Your skin feels tougher.
You shoot an arrow. The arrow barely misses the gnoll.
The gnoll barely misses you.
The gnoll hits you from afar with a +0 halberd!
You shoot an arrow. The arrow hits the gnoll!
The gnoll is almost dead.
The gnoll hits you with a +0 whip.
The gnoll hits you from afar with a +0 halberd.
2607 ||| READING scroll of teleportation.
As you read the scroll of teleportation, it crumbles to dust.
You feel strangely unstable. The gnoll hits you with a +0 whip.
The gnoll hits you from afar with a +0 halberd!
You shoot an arrow.
The arrow hits the gnoll but does no damage.
The gnoll is almost dead.
You have got your breath back.
The gnoll hits you with a +0 whip.
You die...

##..##
......#+#.#....
+....# .......
....... ##...#
. .. #...# ##
####.. ###'#
##8 $.8##.
#...### .#^.
..B#. #.....#
..#g# #.#.
#....)#...#W#
.##.#.
#....@g...#Bo
..Wr#.
#######g..#z#
#.#. ..#.#
##B#. .#..
...g#. ##8
..8##. ##
####.. . ......
...... ......


You could see a wight, qw's ghost, 2 gnolls, an orc, a giant cockroach and a
goblin.

Vanquished Creatures
  A phantom (D:3)
  An iguana (D:4)
  A gnoll (D:4)
  4 adders
  A worm (D:4)
  A dart slug (D:1)
  6 orcs
  5 ball pythons
  7 endoplasms
  4 giant cockroaches
  9 goblins
  3 hobgoblins
  4 jackals (D:3)
  4 quokkas
  7 bats
  4 frilled lizards
  3 kobolds
  13 rats
78 creatures vanquished.

Notes
Turn   | Place    | Note
-------+----------+-------------------------------------------
     0 | D:1      | qw the Naga Hunter began the quest for the Orb.
     0 | D:1      | Reached XP level 1. HP: 19/19 MP: 1/1
     0 | D:1      | 0 ||| qw: Version: 0.2-a-29-gc1b59c4
     0 | D:1      | 0 ||| qw: Game counter: 4394
     0 | D:1      | 0 ||| qw: Always use a shield: true
     0 | D:1      | 0 ||| qw: God list: Okawaru
     0 | D:1      | 0 ||| qw: Allow faded altars: false
     0 | D:1      | 0 ||| qw: Do Orc after D:15 true
     0 | D:1      | 0 ||| qw: Do second Lair branch before Depths: true
     0 | D:1      | 0 ||| qw: Lair rune preference: random
     0 | D:1      | 0 ||| qw: Plans: Normal
     0 | D:1      | 0 ||| PLANNING D:1-11
    16 | D:1      | 16 ||| INVOKING Spit Poison.
    20 | D:1      | 20 ||| INVOKING Spit Poison.
    49 | D:1      | 49 ||| DROPPING scroll of butterflies.
    50 | D:1      | Found Dunuwun's Weapon Shoppe.
    53 | D:1      | 53 ||| INVOKING Spit Poison.
    66 | D:1      | 66 ||| INVOKING Spit Poison.
    69 | D:1      | Reached skill level 4 in Ranged Weapons
    69 | D:1      | Reached XP level 2. HP: 26/26 MP: 2/2
    82 | D:1      | 82 ||| INVOKING Spit Poison.
    86 | D:1      | 86 ||| INVOKING Spit Poison.
    92 | D:1      | 92 ||| INVOKING Spit Poison.
    96 | D:1      | 96 ||| INVOKING Spit Poison.
    99 | D:1      | 99 ||| INVOKING Spit Poison.
   160 | D:1      | 160 ||| INVOKING Spit Poison.
   163 | D:1      | 163 ||| FLEEEEING.
   164 | D:1      | 164 ||| FLEEEEING.
   165 | D:1      | 165 ||| FLEEEEING.
   166 | D:1      | 166 ||| FLEEEEING.
   167 | D:1      | 167 ||| FLEEEEING.
   171 | D:1      | 171 ||| INVOKING Spit Poison.
   187 | D:1      | 187 ||| INVOKING Spit Poison.
   196 | D:1      | Found Aphiubi's Magic Scroll Emporium.
   216 | D:1      | 216 ||| SHOPLISTING scroll of enchant armour (105 gold,
                  | have 6).
   216 | D:1      | 216 ||| SHOPLISTING scroll of identify (28 gold, have 6).
   216 | D:1      | 216 ||| SHOPLISTING scroll of teleportation (42 gold, have
                  | 6).
   262 | D:1      | Found Wumirghu's Antique Weapon Shoppe.
   264 | D:1      | 264 ||| INVOKING Spit Poison.
   266 | D:1      | Reached XP level 3. HP: 32/32 MP: 3/3
   278 | D:1      | 278 ||| INVOKING Spit Poison.
   573 | D:1      | 573 ||| INVOKING Spit Poison.
   583 | D:1      | 583 ||| INVOKING Spit Poison.
   632 | D:1      | 632 ||| INVOKING Spit Poison.
   640 | D:1      | 640 ||| INVOKING Spit Poison.
   649 | D:1      | 649 ||| READING scroll labelled RIFOPI ARONT.
   650 | D:1      | 650 ||| READING scroll labelled OLID MUISARIC.
   651 | D:1      | 651 ||| READING 2 scrolls labelled DOALEJOXKY.
   714 | D:2      | 714 ||| INVOKING Spit Poison.
   756 | D:2      | 756 ||| INVOKING Spit Poison.
   768 | D:2      | 768 ||| INVOKING Spit Poison.
   793 | D:2      | 793 ||| INVOKING Spit Poison.
   845 | D:2      | 845 ||| INVOKING Spit Poison.
   849 | D:2      | 849 ||| INVOKING Spit Poison.
   852 | D:2      | 852 ||| INVOKING Spit Poison.
   889 | D:2      | 889 ||| INVOKING Spit Poison.
   900 | D:2      | 900 ||| INVOKING Spit Poison.
  1076 | D:2      | 1076 ||| INVOKING Spit Poison.
  1112 | D:2      | 1112 ||| READING scroll labelled SOUMEB EHAXOU.
  1113 | D:2      | 1113 ||| READING scroll labelled OMIFESTUOQ.
  1114 | D:2      | 1114 ||| READING scroll labelled BOWKEU MA NAUSK.
  1269 | D:3      | 1269 ||| INVOKING Spit Poison.
  1294 | D:3      | Noticed a phantom
  1301 | D:3      | 1301 ||| INVOKING Spit Poison.
  1304 | D:3      | 1304 ||| INVOKING Spit Poison.
  1305 | D:3      | 1305 ||| INVOKING Spit Poison.
  1352 | D:3      | Reached skill level 5 in Ranged Weapons
  1361 | D:3      | 1361 ||| INVOKING Spit Poison.
  1364 | D:3      | 1364 ||| INVOKING Spit Poison.
  1365 | D:3      | Reached XP level 4. HP: 30/39 MP: 4/4
  1367 | D:3      | 1367 ||| INVOKING Spit Poison.
  1370 | D:3      | 1370 ||| INVOKING Spit Poison.
  1477 | D:3      | 1477 ||| INVOKING Spit Poison.
  1510 | D:3      | 1510 ||| INVOKING Spit Poison.
  1517 | D:3      | 1517 ||| INVOKING Spit Poison.
  1530 | D:3      | 1530 ||| INVOKING Spit Poison.
  1537 | D:3      | 1537 ||| INVOKING Spit Poison.
  1563 | D:3      | Killed a phantom
  1564 | D:3      | Reached skill level 3 in Fighting
  1564 | D:3      | Reached XP level 5. HP: 50/50 MP: 5/5
  1564 | D:3      | 1564 ||| INVOKING Spit Poison.
  1569 | D:3      | 1569 ||| INVOKING Spit Poison.
  1575 | D:3      | 1575 ||| INVOKING Spit Poison.
  1581 | D:3      | 1581 ||| INVOKING Spit Poison.
  1584 | D:3      | 1584 ||| INVOKING Spit Poison.
  1779 | D:3      | 1779 ||| INVOKING Spit Poison.
  1782 | D:3      | 1782 ||| INVOKING Spit Poison.
  1788 | D:3      | 1788 ||| INVOKING Spit Poison.
  1794 | D:3      | 1794 ||| INVOKING Spit Poison.
  1798 | D:3      | 1798 ||| INVOKING Spit Poison.
  2037 | D:3      | 2037 ||| READING scroll labelled BEILUU SUHIPH.
  2038 | D:3      | 2038 ||| READING scroll labelled WAUPEOSIOWKA.
  2039 | D:3      | 2039 ||| DRINKING 3 glowing purple potions.
  2066 | D:4      | Found a staircase to the Ecumenical Temple.
  2067 | D:4      | 2067 ||| PLANNING TEMPLE
  2072 | D:4      | 2072 ||| INVOKING Spit Poison.
  2077 | D:4      | 2077 ||| INVOKING Spit Poison.
  2114 | Temple   | Entered the Ecumenical Temple
  2114 | Temple   | Found a transporter.
  2114 | Temple   | Found a transporter.
  2116 | Temple   | Found a transporter.
  2116 | Temple   | Found a transporter.
  2126 | Temple   | 2126 ||| PLANNING D:1-11
  2191 | D:4      | 2191 ||| INVOKING Spit Poison.
  2207 | D:4      | 2207 ||| INVOKING Spit Poison.
  2229 | D:4      | 2229 ||| INVOKING Spit Poison.
  2308 | D:4      | 2308 ||| INVOKING Spit Poison.
  2373 | D:4      | 2373 ||| INVOKING Spit Poison.
  2381 | D:4      | Noticed qw's ghost (amateur MiHu)
  2408 | D:4      | 2408 ||| Stepping ~*~*~tactically~*~*~ (outnumbered).
  2412 | D:4      | 2412 ||| INVOKING Spit Poison.
  2417 | D:4      | 2417 ||| INVOKING Spit Poison.
  2420 | D:4      | 2420 ||| INVOKING Spit Poison.
  2422 | D:4      | HP: 7/50 [orc priest/divine providence (11)]
  2424 | D:4      | 2424 ||| READING 2 scrolls of teleportation.
  2426 | D:4      | 2426 ||| INVOKING Spit Poison.
  2601 | D:4      | Found a transporter.
  2602 | D:4      | 2602 ||| INVOKING Spit Poison.
  2605 | D:4      | Reached XP level 6. HP: 29/57 MP: 6/6
  2606 | D:4      | HP: 14/57 [gnoll/+0 whip (3)]
  2607 | D:4      | 2607 ||| READING scroll of teleportation.
  2607 | D:4      | HP: 5/57 [gnoll/+0 halberd (8)]
  2608 | D:4      | Slain by a gnoll

Levels and vault maps discovered:
D:1:      doesnt_arrival_eight_statues, layout_loops_ring, serial_shops,
          nicolae_shop_just_a_little_nook, nicolae_square_shop, shop
D:2:      layout_basic, serial_forest, infiniplex_forest_lined_4_way,
          infiniplex_forest_end_2, infiniplex_forest_lined_ring,
          infiniplex_forest_lined_corner, infiniplex_forest_lined_room_,
          infiniplex_forest_clump_medium, infiniplex_forest_lined_2,
          infiniplex_forest_lined_room_
D:3:      layout_basic
D:4:      layout_gridville, minmay_temple_entry_trees, gammafunk_ghost_arena
Temple:   hellmonk_temple_divided_pantheon

Skill      XL: |  1  2  3  4 |
---------------+-------------+-----
Ranged Weapons | 4 5 |  5.7
Fighting       | 3 |  3.7
Dodging        | |  1.5
Stealth        | |  1.5

Action                     |  1- 3 |  4- 6 || total
---------------------------+-------+-------++-------
   Fire: Shortbow          |    75 |   102 ||   177
Ability: Spit Poison       |    33 |    29 ||    62
    Use: Scroll            |     6 |     4 ||    10
         Potion            |       |     1 ||     1
 Armour: Leather armour    |     8 |    31 ||    39
  Dodge: Dodged            |    14 |    52 ||    66

Table legend:
 A = Non-vault XP
 B = Vault XP
 C = Vault XP percentage of total XP
 D = Non-vault monster count
 E = Vault monster count
 F = Vault count percentage of total count
                 A         B        C        D         E       F
            +---------+---------+-------+---------+---------+-------
      Total |     332 |       0 |   0.0 |      78 |       0 |   0.0
            +---------+---------+-------+---------+---------+-------
        D:1 |      43 |       0 |   0.0 |      26 |       0 |   0.0
        D:2 |      33 |       0 |   0.0 |      15 |       0 |   0.0
        D:3 |     161 |       0 |   0.0 |      21 |       0 |   0.0
        D:4 |      95 |       0 |   0.0 |      16 |       0 |   0.0
            +---------+---------+-------+---------+---------+-------
